 Dungeon Crawl Stone Soup version 0.23-a0-767-gdc19b93d68 (webtiles) character file.

4069 LLavrengius the Transmogrifier (level 10, -2/71 HPs)
             Began as an Octopode Transmuter on Jan 24, 2019.
             Was an Initiate of Gozag.
             Slain by an orc warrior
             ... wielding a +0 trident
              (25 damage)
             ... on level 9 of the Dungeon.
             The game lasted 00:27:31 (8576 turns).

LLavrengius the Transmogrifier (OpTm)               Turns: 8576, Time: 00:27:32

Health: -2/71      AC:  5    Str: 10    XL:     10   Next: 25%
Magic:  14/17      EV: 20    Int: 23    God:    Gozag
Gold:   733        SH:  0    Dex: 21    Spells: 9/19 levels left

rFire    . . .     SeeInvis .     - Unarmed
rCold    . . .     Gourm    .   (shield currently unavailable)
rNeg     . . .     Faith    .   (helmet currently unavailable)
rPois    x         Spirit   .   (no amulet)
rElec    .         Reflect  .   u - +4 ring of intelligence
rCorr    .         Harm     .   w - +4 ring of slaying
MR       +....                  d - ring "Onwigres" {MR+ AC+3}
Stlth    ++........             e - +4 ring of dexterity
HPRegen  0.21/turn              (no ring)
MPRegen  0.15/turn              (no ring)
                                (no ring)
                                (no ring)

@: spider-form, gold aura
A: tiny, almost no armour, stealthy swim, (amphibious), 8 rings, (constrict 8)
a: End Transformation, Potion Petition, Call Merchant, Bribe Branch, Renounce
Religion


You were on level 9 of the Dungeon.
You worshipped Gozag.
Gozag was pleased with you.
You were not hungry.
You were a venomous arachnid creature.
You visited 1 branch of the dungeon, and saw 9 of its levels.

You collected 809 gold pieces.
You paid 76 gold pieces to Gozag.

Inventory:

Hand Weapons
 l - a +3 hunting sling of freezing
Missiles
 a - 119 arrows
 m - 207 stones (quivered)
 p - 38 sling bullets
 C - a throwing net
Armour
 x - a +1 hat (melded)
Jewellery
 d - the ring "Onwigres" (on tentacle) {MR+ AC+3}
   (You found it on level 5 of the Dungeon)

   [ring of protection]

   It affects your AC (+3).
   It affects your resistance to hostile enchantments.
 e - a +4 ring of dexterity (on tentacle)
 u - a +4 ring of intelligence (left front leg)
 w - a +4 ring of slaying (right front leg)
Wands
 g - a wand of flame (14)
 o - a wand of random effects (15)
 t - a wand of scattershot (4)
 v - a wand of digging (10)
 E - a wand of enslavement (18)
Scrolls
 r - 2 scrolls of blinking
 y - a scroll of identify
 z - 6 scrolls of remove curse
 B - a scroll of teleportation
Potions
 b - 2 potions of resistance
 f - a potion of curing
 h - 2 potions of flight
 i - a potion of might
 j - 3 potions of lignification
 n - 3 potions of ambrosia {unknown}
 q - a potion of agility {unknown}
 s - a potion of mutation {unknown}
 A - a potion of berserk rage {unknown}
Comestibles
 c - 8 rations


   Skills:
 + Level 7.3 Fighting
 - Level 2.0 Dodging
 + Level 7.8 Unarmed Combat
 + Level 5.2 Spellcasting
 - Level 8.0 Transmutations
 + Level 3.3 Ice Magic
 - Level 2.2 Poison Magic


You had 9 spell levels left.
You knew the following spells:

 Your Spells              Type           Power        Failure   Level  Hunger
a - Beastly Appendage     Tmut           #####.       3%          1    None
b - Sticks to Snakes      Tmut           #####...     3%          2    None
c - Spider Form           Tmut/Pois      ####......   11%         3    ##.....
d - Ice Form              Ice/Tmut       ####....     22%         4    ####...

Your spell library contained the following spells:

 Spells                   Type           Power        Failure   Level  Hunger
 Blade Hands              Tmut           #####.....   24%         5    #####..


Dungeon Overview and Level Annotations

Branches:
Dungeon (9/15)             Temple (0/1) D:6             Orc (0/2) D:9
   Lair: D:8-11

Altars:
Ashenzari
Cheibriados
Gozag
Hepliaklqana
Makhleb
Nemelex Xobeh
Okawaru
Ru
Yredelemnul
Zin

Annotations:
D:3 2 transporters, yrara's ghost, amateur DsFi
D:6 3 runed doors, PeterQ's ghost, novice DsAs


Innate Abilities, Weirdness & Mutations

You cannot wear most types of armour.
You are very stealthy in the water. (Stealth+)
((You are amphibious.))
You can wear up to eight rings at the same time.
((You can use your tentacles to constrict eight enemies at once.))
((Your skin changes colour to match your surroundings (Stealth+).))
((Your rubbery body absorbs attacks. (AC +1, EV +1)))


Message History

The orc warrior hits you from afar with a +0 trident!
Casting: Spider Form (safe; 3% risk of failure)
Confirm with . or Enter, or press ? or * to list all spells.
You turn into a venomous arachnid creature.
Your +1 hat melds into your body.
You lose your grip on the orc priest.
The orc misses you.
The orc priest casts a cantrip, but nothing happens.
The orc warrior misses you.
You hit the orc priest.
The orc priest is poisoned.
The orc priest is heavily wounded.
The orc priest closely misses you.
The orc priest calls upon Beogh to heal the orc priest.
The orc priest is healed somewhat.
The orc closely misses you.
Unknown command.
You hit the orc priest.
The orc priest is severely wounded.
The orc is no longer distracted by gold.
The orc warrior hits you from afar with a +0 trident!!
You die...
Your body crumbles into a pile of gold.

######### ........# ......o.#
......oo### >...oooso.###
o....#..#...# ...
#..#...##### . ....#...$...#
# ### ####### ######...$.#.#
# ..# #.....####
#####.#.######## #.#
#........### #........... ..#
#....###...########...#######
#.######...###..#.........#
#..


You could see an orc warrior, 2 orc priests and 5 orcs.

Vanquished Creatures
  A hornet (D:9)
  Sigmund (D:4)
  A wyvern (D:8)
  A hungry ghost (D:8)
  Edmund (D:6)
  Duvessa (D:6)
  A water moccasin (D:6)
  A sky beast (D:9)
  An ice beast (D:6)
  3 orc warriors
  2 phantoms
  2 slaves (D:6)
  4 ogres
  A centaur (D:5)
  A crocodile (D:8)
  A bullfrog (D:6)
  Dowan (D:6)
  A scorpion (D:8)
  A howler monkey (D:4)
  3 crimson imps (D:5)
  2 bullfrog zombies
  4 jellies
  9 hounds
  5 orc priests
  6 orc wizards
  A centaur skeleton (D:4)
  3 iguanas
  7 worker ants
  A killer bee zombie (D:7)
  A mummy (D:8)
  Robin (D:4)
  A howler monkey skeleton (D:7)
  8 adders
  An adder zombie (D:9)
  2 adder skeletons
  A worm (D:3)
  2 dart slugs
  6 leopard geckos
  28 orcs
  7 giant cockroaches
  16 goblins
  13 hobgoblins
  4 jackals (D:8)
  8 kobolds
  9 quokkas
  4 ball pythons
  9 bats
  7 frilled lizards
  4 rats
199 creatures vanquished.

Vanquished Creatures (collateral kills)
  Pikel (D:6)
1 creature vanquished.

Grand Total: 200 creatures vanquished

Notes
Turn   | Place    | Note
-------+----------+-------------------------------------------
     0 | D:1      | LLavrengius the Octopode Transmuter began the quest for the
                  | Orb.
     0 | D:1      | Reached XP level 1. HP: 13/13 MP: 3/3
   185 | D:1      | Reached XP level 2. HP: 12/18 MP: 5/5
   194 | D:1      | Learned a level 2 spell: Sticks to Snakes
   363 | D:1      | Reached skill level 3 in Transmutations
   771 | D:1      | Reached XP level 3. HP: 20/23 MP: 6/6
  1358 | D:2      | Learned a level 3 spell: Spider Form
  1806 | D:2      | Reached skill level 4 in Transmutations
  1806 | D:2      | Reached skill level 1 in Poison Magic
  1806 | D:2      | Reached XP level 4. HP: 25/28 MP: 7/7
  2426 | D:3      | Reached XP level 5. HP: 29/33 MP: 5/8
  2445 | D:3      | Found a transporter.
  2456 | D:3      | Noticed yrara's ghost (amateur DsFi)
  2461 | D:3      | Found a transporter.
  2461 | D:3      | Noticed a two-headed ogre
  2587 | D:3      | Found a burning altar of Makhleb.
  2587 | D:3      | Found a sparkling altar of Nemelex Xobeh.
  2587 | D:3      | Found a hazy altar of Hepliaklqana.
  2588 | D:3      | Found a sacrificial altar of Ru.
  2590 | D:3      | Found a basalt altar of Yredelemnul.
  3101 | D:4      | Reached skill level 5 in Transmutations
  3323 | D:4      | Noticed Robin
  3336 | D:4      | Killed Robin
  3346 | D:4      | Reached XP level 6. HP: 11/38 MP: 7/9
  3670 | D:4      | Noticed Sigmund
  3709 | D:4      | Killed Sigmund
  3935 | D:5      | Entered Level 5 of the Dungeon
  3954 | D:5      | Reached XP level 7. HP: 23/45 MP: 6/10
  3962 | D:4      | Reached skill level 6 in Transmutations
  4195 | D:5      | Got a shimmering copper ring
  4303 | D:5      | Identified the ring "Onwigres" {MR+ AC+3} (You found it on
                  | level 5 of the Dungeon)
  4466 | D:5      | Found an iron altar of Okawaru.
  4581 | D:5      | Reached XP level 8. HP: 42/54 MP: 9/11
  4656 | D:5      | Reached skill level 5 in Unarmed Combat
  4743 | D:5      | Found an opulent altar of Gozag.
  4767 | D:5      | Became a worshipper of Gozag Ym Sagoz the Greedy
  4818 | D:6      | Noticed Dowan
  4822 | D:6      | Reached skill level 7 in Transmutations
  4823 | D:6      | Noticed Duvessa
  4833 | D:6      | Killed Dowan
  4834 | D:6      | Killed Duvessa
  5141 | D:6      | Reached skill level 5 in Fighting
  5238 | D:6      | Noticed Pikel
  5258 | D:6      | Killed Pikel
  5258 | D:6      | Reached XP level 9. HP: 18/61 MP: 6/13
  5514 | D:6      | Noticed Edmund
  5522 | D:6      | Killed Edmund
  5522 | D:6      | Reached skill level 8 in Transmutations
  5561 | D:6      | Found a staircase to the Ecumenical Temple.
  5816 | D:6      | Found a runed gate.
  5816 | D:6      | Found a runed gate.
  5816 | D:6      | Found a runed gate.
  5820 | D:6      | Noticed PeterQ's ghost (novice DsAs)
  6222 | D:7      | Learned a level 4 spell: Ice Form
  6623 | D:8      | Reached skill level 1 in Ice Magic
  7105 | D:8      | Found a snail-covered altar of Cheibriados.
  7173 | D:8      | Reached XP level 10. HP: 45/69 MP: 17/17
  7232 | D:8      | Found a shattered altar of Ashenzari.
  7688 | D:8      | Noticed an angel
  7689 | D:8      | Found a glowing silver altar of Zin.
  7762 | D:9      | Reached skill level 5 in Spellcasting
  8570 | D:9      | Found a staircase to the Orcish Mines.
  8576 | D:9      | Slain by an orc warrior

Vault maps used:
D:1:      dpeg_arrival_shrine
D:3:      minitemple, gammafunk_ghost_arena
D:4:      sigmund_army, uniq_robin
D:5:      lemuel_round_altar, first_ration, grunt_gozag_statues
D:6:      temple_green, ebering_ghost_rock_garden, minmay_misc_feat_enclosed,
          uniq_duvessa, uniq_pikel, uniq_edmund
D:8:      slow_altar_2, zin_angel, overflow_temple_1_default
D:9:      wander_kiku_kobolds, erik_orc_1

Skill      XL: |  1  2  3  4  5  6  7  8  9 10 |
---------------+-------------------------------+-----
Transmutations | 3 4 5 6 7 8 |  8.0
Poison Magic   | 1 2 |  2.2
Fighting       | 2 3 5 6 7 |  7.3
Unarmed Combat | 4 6 7 |  7.8
Spellcasting   | 3 4 5 |  5.2
Ice Magic      | 2 3 |  3.3
Dodging        | |  2.0

Action                   |  1- 3 |  4- 6 |  7- 9 | 10-12 || total
-------------------------+-------+-------+-------+-------++-------
Melee: Unarmed           |    97 |   143 |   255 |    74 ||   569
       Constrict         |    26 |    17 |    34 |    15 ||    92
       Tentacles         |    16 |    13 |    28 |    13 ||    70
       Punch             |     2 |     2 |     9 |     3 ||    16
 Fire: Hunting sling     |       |       |    20 |       ||    20
 Cast: Spider Form       |       |     5 |    12 |     3 ||    20
       Sticks to Snakes  |       |       |     3 |       ||     3
  Use: Scroll            |       |     8 |     5 |     2 ||    15
       Potion            |       |     2 |     1 |     1 ||     4
 Stab: Sleeping          |    14 |     2 |     4 |     4 ||    24
  Eat: Chunk             |     3 |     7 |     5 |       ||    15
       Ration            |       |       |     3 |     1 ||     4
Armor: Skin              |     5 |    14 |    34 |     9 ||    62
Dodge: Dodged            |    49 |   142 |   201 |    49 ||   441

Table legend:
 A = Non-vault XP
 B = Vault XP
 C = Vault XP percentage of total XP
 D = Non-vault monster count
 E = Vault monster count
 F = Vault count percentage of total count
                 A         B        C        D         E       F
            +---------+---------+-------+---------+---------+-------
      Total |    4635 |    1178 |  20.3 |     173 |      25 |  12.6
            +---------+---------+-------+---------+---------+-------
        D:1 |      39 |       0 |   0.0 |      24 |       0 |   0.0
        D:2 |      51 |       0 |   0.0 |      21 |       0 |   0.0
        D:3 |      91 |       0 |   0.0 |      20 |       0 |   0.0
        D:4 |     244 |     273 |  52.8 |      11 |      18 |  62.1
        D:5 |     691 |       0 |   0.0 |      15 |       0 |   0.0
        D:6 |    1110 |     881 |  44.2 |      25 |       4 |  13.8
        D:7 |     348 |       0 |   0.0 |      14 |       0 |   0.0
        D:8 |     968 |      18 |   1.8 |      20 |       1 |   4.8
        D:9 |    1093 |       6 |   0.5 |      23 |       2 |   8.0
            +---------+---------+-------+---------+---------+-------
